 Dungeon Crawl Stone Soup version 0.19.1 (webtiles) character file.

8365 Jerry the Carver (level 11, -1/126 HPs)
             Began as a Demonspawn Berserker on Dec 25, 2016.
             Was a High Priest of Trog.
             Slain by a slime creature (13 damage)
             ... on level 9 of the Dungeon.
             The game lasted 00:37:24 (8815 turns).

Jerry the Carver (Demonspawn Berserker)             Turns: 8815, Time: 00:37:25

Health: -1/126     AC: 25    Str: 23    XL:     11   Next: 9%
Magic:  0/11       EV: 11    Int:  8    God:    Trog [*****.]
Gold:   670        SH:  0    Dex: 16    Spells: 0 memorised, 10 levels left

rFire  + . .     SeeInvis .     s - +1 great sword
rCold  + . .     Gourm    .     v - +0 plate armour
rNeg   + . .     Faith    .     (shield currently unavailable)
rPois  +         Spirit   +     y - +1 helmet
rElec  .         Reflect  .     J - +0 cloak
rCorr  .         Harm     .     (no gloves)
MR     +++..                    I - +2 pair of boots
Stlth  ..........               D - amulet "Liagg" {Spirit rPois rN+ MR+}
                                (no ring)
                                (no ring)

@: berserking, regenerating, very quick
A: molten scales 3, cold resistance 1, spiny 3
a: Berserk, Trog's Hand, Brothers in Arms, Burn Spellbooks, Renounce Religion


You were on level 9 of the Dungeon.
You worshipped Trog.
Trog was extremely pleased with you.
You were very hungry.

You visited 1 branch of the dungeon, and saw 9 of its levels.
You also visited: Ossuary and Bailey.

You collected 1231 gold pieces.
You spent 561 gold pieces at shops.

Inventory:

Hand Weapons
 s - a +1 great sword (weapon)
Missiles
 d - a tomahawk of returning (quivered)
Armour
 v - a +0 plate armour (worn)
 y - a +1 helmet (worn)
 I - a +2 pair of boots (worn)
 J - a +0 cloak (worn)
Jewellery
 D - the amulet "Liagg" (around neck) {Spirit rPois rN+ MR+}
   (You bought it in a shop on level 8 of the Dungeon)

   [amulet of guardian spirit]

   It causes incoming damage to be split between your health and magic.
   It protects you from poison.
   It protects you from negative energy.
   It affects your resistance to hostile enchantments.
Wands
 a - a wand of random effects (15/48)
 m - a wand of iceblast (3/15)
 u - a wand of flame (0/48)
 B - a wand of polymorph (24/24)
 H - a wand of random effects (22/48)
Scrolls
 g - 5 scrolls of identify
 i - 3 scrolls of teleportation
 o - 3 scrolls of recharging
 t - 4 scrolls of remove curse
 w - a scroll of enchant armour
Potions
 b - 2 potions of might
 e - 7 potions of haste
 h - 2 potions of berserk rage
 j - a potion of cancellation
 l - 7 potions of curing
 p - 6 potions of flight
 q - 2 potions of mutation
 z - 3 potions of lignification
 F - 2 potions of magic
Books
 C - a book of Cantrips

   Spells                             Type                      Level
   a - Confusing Touch                Hexes                        1
   b - Animate Skeleton               Necromancy                   1
   c - Summon Small Mammal            Summoning                    1
   d - Apportation                    Translocation                1
   Trog disapproves of the use of such an item.
 E - a book of Minor Magic

   Spells                             Type                      Level
   a - Magic Dart                     Conjuration                  1
   b - Blink                          Translocation                2
   c - Call Imp                       Summoning                    2
   d - Repel Missiles                 Charms/Air                   2
   e - Slow                           Hexes                        2
   f - Conjure Flame                  Conjuration/Fire             3
   g - Mephitic Cloud                 Conjuration/Poison/Air       3
   Trog disapproves of the use of such an item.
Comestibles
 c - 5 bread rations
 k - 40 fruits
 n - 8 meat rations
 r - a beef jerky
 x - a slice of pizza
 A - 12 chunks of flesh
 G - 3 royal jellies


   Skills:
 - Level 7.3 Fighting
 + Level 9.6 Long Blades
 + Level 9.4 Armour
 + Level 6.8 Dodging


You had 10 spell levels left.
You didn't know any spells.

Dungeon Overview and Level Annotations

Branches:
Dungeon (9/15)             Temple (0/1) D:5
   Lair: D:8-11         Orc: D:9-12

Altars:

Shops:
D:8 =


Innate Abilities, Weirdness & Mutations

You are completely covered in molten scales. (AC +4, rF+)
Your flesh is cold resistant. (rC+)
You are completely covered in sharp spines.


Message History

You feel the power of Trog in you as your rage grows.
You kill the slime creature!
Trog accepts your kill. The yak misses you.
The slime creature is struck by your spines.
The slime creature misses you.
You riposte.
You slice the slime creature!!
You kill the slime creature!
Trog accepts your kill.
The slime creature hits you but does no damage.
You barely miss the slime creature.
The slime creature is heavily wounded.
The yak closely misses you.
You riposte.
Your plate armour prevents you from hitting the yak.
The yak is severely wounded.
Unknown command.
You barely miss the slime creature.
The slime creature is heavily wounded.
The slime creature is struck by your spines.
The slime creature hits you!
You die...

#........###..##
#........>##...# ...#
#.........###..## #..
#..........##...# ###
...........###..## ##..####
...........# #...# #.......
...........###...## ##..#####
............†#....# #...# ##
..........#..Y@...## ##...# #.
.........###.JY....# #....####.
.........##........###.....##..
........##.........#.......#..
.....(###.........#..........
..... #...............#....#
##..........)...###...#
##.........[.....###..##
##.....................#


You could see a slime creature and 2 yaks.

Vanquished Creatures
  An unseen horror (D:9)
  Pikel (D:4)
  A hill giant (D:9)
  An orc knight (Bailey)
  The ghost of lupus83 the Archer, a novice CeHu (D:7)
  A hornet (D:8)
  3 slime creatures (D:9)
  A hippogriff (D:9)
  A yak (D:9)
  Sigmund (D:4)
  Eustachio (D:4)
  Grum (D:8)
  Menkaure (D:4)
  6 orc warriors
  Duvessa (D:4)
  A sky beast (D:6)
  3 black bears
  2 ice beasts
  A slave (D:3)
  A necrophage (D:9)
  4 wolves (D:8)
  4 ogres
  2 phantoms
  2 centaurs (D:8)
  A big kobold (D:8)
  2 crocodiles
  4 bullfrogs
  An elf zombie (Ossuary)
  Dowan (D:4)
  A scorpion (D:6)
  2 crimson imps
  2 centaur zombies
  2 human zombies (Ossuary)
  A bullfrog zombie (D:5)
  3 jellies
  A centaur skeleton (D:5)
  A hound (D:3)
  3 orc priests
  2 bullfrog skeletons
  7 worker ants
  2 iguanas
  10 orc wizards
  2 big kobold zombies (Ossuary)
  A hound zombie (D:6)
  2 mummies (Ossuary)
  6 gnolls (D:7)
  21 adders
  4 shadow imps
  An adder skeleton (D:9)
  4 adder zombies
  2 worms
  3 dart slugs
  5 leopard geckos
  9 orcs
  7 giant cockroaches
  20 goblins
  6 hobgoblins
  9 jackals
  3 quokkas
  6 ball pythons
  A ball python skeleton (D:4)
  6 bats
  5 frilled lizards
  9 hobgoblin zombies (Ossuary)
  2 jackal zombies
  15 kobolds
  6 kobold zombies (Ossuary)
  A leopard gecko zombie (D:6)
  10 orc zombies (Ossuary)
  A quokka zombie (D:6)
  5 rats
  A rat zombie (Ossuary)
261 creatures vanquished.

Notes
Turn   | Place    | Note
-------+----------+-------------------------------------------
     0 | D:1      | Jerry the Demonspawn Berserker began the quest for the Orb.
     0 | D:1      | Reached XP level 1. HP: 18/18 MP: 1/1
   345 | D:1      | Gained mutation: You are partially covered in sharp spines. [demonic ancestry]
   345 | D:1      | Reached XP level 2. HP: 18/24 MP: 2/2
   916 | D:2      | Gained mutation: You are mostly covered in sharp spines. [demonic ancestry]
   916 | D:2      | Reached XP level 3. HP: 25/29 MP: 3/3
  1367 | D:2      | Reached ** piety under Trog
  1367 | D:2      | Reached XP level 4. HP: 35/35 MP: 4/4
  1841 | D:3      | Reached XP level 5. HP: 38/42 MP: 5/5
  2479 | D:4      | Noticed Menkaure
  2496 | D:3      | Gained mutation: You are partially covered in molten scales. (AC +2) [demonic ancestry]
  2496 | D:3      | Reached XP level 6. HP: 17/49 MP: 6/6
  2744 | D:4      | Killed Menkaure
  2995 | D:4      | Noticed a slave
  2996 | D:4      | Noticed a slave
  2996 | D:4      | Noticed a slave
  3060 | D:4      | Noticed Sigmund
  3061 | D:4      | Noticed Pikel
  3067 | D:3      | Reached skill level 5 in Fighting
  3067 | D:3      | Gained mutation: You are mostly covered in molten scales. (AC +3) [demonic ancestry]
  3067 | D:3      | Reached XP level 7. HP: 42/56 MP: 7/7
  3261 | D:4      | Noticed Duvessa
  3279 | D:4      | Killed Duvessa
  3279 | D:4      | Reached skill level 5 in Long Blades
  3424 | D:4      | Noticed Dowan
  3443 | D:4      | Killed Dowan
  3471 | D:4      | Noticed Eustachio
  3505 | D:4      | Killed Eustachio
  3505 | D:4      | Reached skill level 5 in Armour
  3510 | D:4      | Killed Sigmund
  3582 | D:4      | Gained mutation: You are completely covered in molten scales. (AC +4, rF+) [demonic ancestry]
  3582 | D:4      | Reached XP level 8. HP: 64/64 MP: 8/8
  3719 | D:4      | Killed Pikel
  4087 | D:5      | Entered Level 5 of the Dungeon
  4520 | D:5      | Reached *** piety under Trog
  4577 | D:5      | Found a staircase to the Ecumenical Temple.
  4767 | D:5      | Gained mutation: Your flesh is cold resistant. (rC+) [demonic ancestry]
  4767 | D:5      | Reached XP level 9. HP: 72/72 MP: 9/9
  5384 | D:6      | Found a sand-covered staircase.
  5388 | Ossuary  | Entered an ossuary
  5450 | Ossuary  | Reached **** piety under Trog
  6471 | D:7      | Reached ***** piety under Trog
  6566 | D:7      | Noticed lupus83's ghost (novice CeHu)
  6582 | D:7      | Killed lupus83's ghost
  7003 | D:7      | Reached XP level 10. HP: 75/79 MP: 10/10
  7058 | D:8      | Found a flagged portal.
  7073 | Bailey   | Entered a bailey
  7235 | Bailey   | Noticed an orc knight
  7259 | Bailey   | Killed an orc knight
  7324 | Bailey   | Reached skill level 5 in Dodging
  7333 | Bailey   | Found a burning altar of Makhleb.
  7465 | D:8      | Noticed Grum
  7481 | D:8      | Killed Grum
  7808 | D:8      | Found Qijess's Jewellery Shoppe.
  7817 | D:8      | Bought the amulet "Liagg" {Spirit rPois rN+ MR+} for 561 gold pieces
  8234 | D:9      | Noticed a hill giant
  8240 | D:9      | Killed a hill giant
  8551 | D:9      | Received a gift from Trog
  8751 | D:9      | Killed an unseen horror
  8784 | D:9      | Gained mutation: You are completely covered in sharp spines. [demonic ancestry]
  8784 | D:9      | Reached XP level 11. HP: 77/83 MP: 11/11
  8815 | D:9      | Slain by a slime creature

Skill      XL: |  1  2  3  4  5  6  7  8  9 10 |
---------------+-------------------------------+-----
Long Blades    | 3 4 5 6 8 9 |  9.6
Armour         | 2 3 4 5 6 7 9 |  9.4
Fighting       | 4 5 7 |  7.3
Dodging        | 4 6 |  6.8

Action                   |  1- 3 |  4- 6 |  7- 9 | 10-12 || total
-------------------------+-------+-------+-------+-------++-------
Melee: Falchion          |    59 |    89 |   341 |       ||   489
       Great sword       |       |       |    77 |   135 ||   212
Throw: Tomahawk          |       |       |       |    36 ||    36
       Throwing net      |       |       |       |     1 ||     1
Invok: Berserk           |     1 |     1 |     5 |     3 ||    10
       Trog's Hand       |       |     1 |     2 |     2 ||     5
Evoke: Wand              |       |       |       |     2 ||     2
  Use: Potion            |       |       |     1 |     2 ||     3
       Scroll            |       |       |     8 |    14 ||    22
  Eat: Chunk             |     2 |     7 |    19 |     8 ||    36
Armor: Leather armour    |     3 |       |       |       ||     3
       Chain mail        |    16 |    52 |    62 |       ||   130
       Plate armour      |       |       |   166 |   172 ||   338
Dodge: Dodged            |    24 |    34 |   119 |   113 ||   290
       Rpst.: Falchion   |     9 |    11 |    31 |       ||    51
       Great sword       |       |       |     6 |    23 ||    29
